 Dungeon Crawl Stone Soup version 0.29-a0-352-g0917bc69df (webtiles) character file.

Game seed: 7546496239150334956

1252 Morbidden the Sneak (level 8, -13/53 (60) HPs)
             Began as a Demonspawn Brigand on Apr 24, 2022.
             Was a Follower of Cheibriados.
             Mangled by a wight
             ... wielding a +3 great sword
              (14 damage)
             ... on level 5 of the Dungeon.
             The game lasted 00:09:45 (8305 turns).

Morbidden the Sneak (Demonspawn Brigand)            Turns: 8305, Time: 00:09:45

HP:   -13/53 (60)   AC: 11    Str: 14    XL:     8   Next: 26%
MP:   11/11         EV: 10    Int: 23    God:    Cheibriados [*.....]
Gold: 199           SH:  0    Dex: 18    Spells: 9/12 levels left

rFire   . . .      SeeInvis +   b - +2 dagger (venom)
rCold   . . .      Faith    .   (no shield)
rNeg    . . .      Spirit   .   w - +3 scale mail
rPois   .          Reflect  .   (no helmet)
rElec   .          Harm     .   c - +1 cloak
rCorr   .          Rampage  .   (no gloves)
Will    .....                   (no boots)
Stlth   +++.......              (no amulet)
HPRegen 0.17/turn               t - ring of see invisible
MPRegen 0.12/turn               r - +6 ring of intelligence

@: heavily drained, very slow
A: thin skeletal structure 1, powered by pain 2, demonic touch 2
a: Renounce Religion, Bend Time


You were on level 5 of the Dungeon.
You worshipped Cheibriados.
Cheibriados was aware of your devotion.
You visited 2 branches of the dungeon, and saw 7 of its levels.

You collected 199 gold pieces.

Inventory:

Hand Weapons
 a - a +2 short sword of venom
 b - a +2 dagger of venom (weapon)
Missiles
 d - 14 poisoned darts (quivered)
 e - 7 curare-tipped darts
 l - 2 atropa-tipped darts
Armour
 c - a +1 cloak (worn)
 v - a +0 chain mail
 w - a +3 scale mail (worn)
Jewellery
 j - a ring of willpower
 m - a ring of protection from cold
 q - a ring of resist corrosion
 r - a +6 ring of intelligence (right hand)
 t - a ring of see invisible (left hand)
Wands
 p - a wand of flame (6)
Scrolls
 f - 4 scrolls of teleportation
 g - a scroll of fear
 h - 2 scrolls of identify
 k - a scroll of blinking {unknown}
 n - a scroll of torment {unknown}
 o - a scroll of vulnerability {unknown}
 u - a scroll of acquirement {unknown}
 x - a scroll of silence {unknown}
 y - a scroll of fog {unknown}
Potions
 i - a potion of ambrosia {unknown}
 s - 2 potions of mutation
 z - a potion of invisibility {unknown}
 A - a potion of might {unknown}


   Skills:
 * Level 4.0 Fighting
 * Level 5.1 Short Blades
 + Level 2.4 Throwing
 + Level 2.1 Armour
 * Level 3.1 Dodging
 + Level 5.1 Stealth
 * Level 2.5 Spellcasting
 * Level 2.8 Conjurations
 * Level 2.0 Invocations


You had 9 spell levels left.
You knew the following spells:

 Your Spells              Type           Power      Damage    Failure   Level
a - Magic Dart            Conj           60%        1d6       16%         1
b - Searing Ray           Conj           30%        2d5       24%         2

Your spell library contained the following spells:

 Spells                   Type           Power      Damage    Failure   Level
 Slow                     Hex            8%         N/A       45%         1
 Call Imp                 Summ           2%         N/A       61%         2
 Conjure Flame            Conj/Fire      9%         6-21      65%         3
 Mephitic Cloud           Conj/Pois/Air  7%         N/A       71%         3
 Confusing Touch          Hex            2%         N/A       83%         3
 Ignite Poison            Fire/Tmut/Pois 2%         N/A       83%         3
 Vampiric Draining        Necr           2%         2d6       83%         3
 Fulminant Prism          Conj/Hex       4%         3d6       96%         4
 Sticky Flame             Conj/Fire      9%         2d3       96%         4


Dungeon Overview and Level Annotations

Branches:
Dungeon (6/15)             Temple (1/1) D:4

Altars:
Ashenzari
Cheibriados
Dithmenos
Elyvilon
Gozag
Hepliaklqana
Kikubaaqudgha
Nemelex Xobeh
Okawaru
Qazlal
Ru
Sif Muna
Trog
Uskayaw
Vehumet
Xom
Yredelemnul
The Shining One

Shops:
D:1 ?

Annotations:
D:3 2 transporters, anet's ghost, amateur MiBe
D:6 Eustachio


Innate Abilities, Weirdness & Mutations

You have a somewhat thin skeletal structure. (Dex +2, Stealth+)
You sometimes gain power by taking damage.
Your touch may inflict irresistible damage on your foes.


Message History

You are too injured to fight recklessly!
You are too injured to fight recklessly!
Unknown command.
You hit the wight but do no damage.
The wight hits you with a +3 great sword.
You feel drained.
You hit the wight.
The wight is lightly damaged.
The wight barely misses you.
Unknown command.
You hit the wight but do no damage. Your touch misses the wight.
The wight is lightly damaged.
You hit the wight but do no damage.
The wight is lightly damaged.
The wight hits you with a +3 great sword!
* * * LOW HITPOINT WARNING * * *
You feel drained.
* * * LOW HITPOINT WARNING * * *
Unknown command.
You hit the wight but do no damage.
The wight is lightly damaged.
The wight hits you with a +3 great sword!
* * * LOW HITPOINT WARNING * * *
You feel drained.
* * * LOW HITPOINT WARNING * * *
Unknown command.
You hit the wight.
The wight is moderately damaged.
Unknown command.
You hit the wight but do no damage.
You touch the wight.
The wight is severely damaged.
The wight hits you with a +3 great sword.
* * * LOW HITPOINT WARNING * * *
You feel drained.
Unknown command.
Unknown command.
You hit the wight but do no damage.
The wight is severely damaged.
The wight hits you with a +3 great sword!
You die...

#.# #.# #.# #.#
#.### #.# #.# #.#
#.#.###.# #.# #.#
#....##.# #.# #.#
........#
##.#######.###
###.#####
#............# #.#
##.###.....#)####
#.# ###
#z#####.)..# #.#
#@# ####.# #.# #[#
#.# #.# #.# #.#
#.# #.# #.# #.#
#.# #.# #.# #.#
#.#
#.############.#
#.#
###.#............#
#.#
....#.############
#.#


You could see a wight.

Vanquished Creatures
  Pikel (D:5)
  2 black bears
  A lemure (D:6)
  A phantom (D:4)
  A necrophage (D:5)
  A scorpion (D:4)
  A hound (D:4)
  2 jellies (D:5)
  An orc priest (D:3)
  An iguana (D:3)
  4 orc wizards
  5 gnolls
  5 adders
  A shadow imp (D:5)
  A dart slug (D:2)
  18 orcs
  7 bats
  3 endoplasms
  7 giant cockroaches
  4 goblins
  A hobgoblin (D:3)
  4 jackals
  A quokka (D:4)
  4 ball pythons
  3 frilled lizards
  7 kobolds
  2 rats
89 creatures vanquished.

Notes
Turn   | Place    | Note
-------+----------+-------------------------------------------
     0 | D:1      | Morbidden the Demonspawn Brigand began the quest for the
                  | Orb.
     0 | D:1      | Reached XP level 1. HP: 16/16 MP: 1/1
   540 | D:1      | Gained mutation: You sometimes gain a little power by
                  | taking damage. [demonic ancestry]
   540 | D:1      | Reached XP level 2. HP: 22/22 MP: 2/2
   696 | D:1      | Found Conom's Magic Scroll Shoppe.
   866 | D:1      | Found a faded altar of an unknown god.
  1049 | D:2      | Reached skill level 1 in Dodging
  1414 | D:2      | Reached XP level 3. HP: 23/28 MP: 3/3
  2097 | D:2      | Gained mutation: You have a somewhat thin skeletal
                  | structure. (Dex +2, Stealth+) [demonic ancestry]
  2097 | D:2      | Reached XP level 4. HP: 2/34 MP: 4/4
  3026 | D:3      | Learned a level 1 spell: Magic Dart
  3129 | D:3      | Found a transporter.
  3136 | D:3      | Noticed anet's ghost (amateur MiBe)
  3182 | D:3      | HP: 1/34 [orc/+0 whip (1)]
  3494 | D:2      | Learned a level 2 spell: Searing Ray
  3601 | D:3      | Found a transporter.
  3647 | D:3      | Gained mutation: Your touch may inflict minor irresistible
                  | damage on your foes. [demonic ancestry]
  3647 | D:3      | Reached XP level 5. HP: 14/39 MP: 5/5
  3929 | D:3      | Found a shimmering altar of Xom.
  4311 | D:3      | Found a sparkling altar of Nemelex Xobeh.
  4312 | D:3      | Found a stormy altar of Qazlal.
  5411 | D:4      | HP: 1/40 [scorpion (7)]
  5415 | D:4      | Reached skill level 1 in Spellcasting
  5415 | D:4      | Reached skill level 1 in Conjurations
  5415 | D:4      | Gained mutation: Your touch may inflict irresistible damage
                  | on your foes. [demonic ancestry]
  5415 | D:4      | Reached XP level 6. HP: 18/47 MP: 7/7
  5998 | D:4      | Found a staircase to the Ecumenical Temple.
  6012 | Temple   | Entered the Ecumenical Temple
  6257 | Temple   | Became a worshipper of Cheibriados the Contemplative
  6751 | D:5      | Entered Level 5 of the Dungeon
  7057 | D:5      | Gained mutation: You sometimes gain power by taking damage.
                  | [demonic ancestry]
  7057 | D:5      | Reached XP level 7. HP: 44/52 MP: 9/9
  7136 | D:5      | Found a sacrificial altar of Ru.
  7236 | D:5      | Reached * piety under Cheibriados
  7396 | D:5      | Reached skill level 1 in Armour
  8050 | D:6      | Noticed Pikel
  8054 | D:6      | Noticed Eustachio
  8065 | D:5      | Killed Pikel
  8066 | D:5      | Reached skill level 5 in Short Blades
  8066 | D:5      | Reached skill level 5 in Stealth
  8066 | D:5      | Reached XP level 8. HP: 35/60 MP: 11/11
  8302 | D:5      | HP: 2/54 [wight/+3 great sword (2)]
  8305 | D:5      | Mangled by a wight

Illustrated notes

Levels and vault maps discovered:
D:1:      lightli_arrival_boilingwater, layout_basic,
          shapermc_ecumenical_altar_flowoftime, serial_shops, shop
D:2:      layout_loops_corners, hangedman_decor_lopped, minmay_pentomino_p4
D:3:      layout_rooms, tso_altar, chequers_temple_overflow_statue_of_worship,
          gammafunk_ghost_arena
D:4:      layout_loops_ring, minmay_temple_entry_nine_rooms
D:5:      layout_loops_ring, mainiacjoe_overflow_cross_hatched
D:6:      layout_basic, uniq_eustachio, uniq_pikel
Temple:   nicolae_temple_figure_eight

Skill      XL: |  1  2  3  4  5  6  7 |
---------------+----------------------+-----
Short Blades   | 2 3 4 5 |  5.1
Stealth        | 4 5 |  5.1
Dodging        | 1 2 3 |  3.1
Throwing       | 2 |  2.4
Fighting       | 3 4 |  4.0
Spellcasting   | 1 2 |  2.5
Conjurations   | 1 2 |  2.8
Armour         | 2 |  2.1
Invocations    | 2 |  2.0

Action                   |  1- 3 |  4- 6 |  7- 9 || total
-------------------------+-------+-------+-------++-------
Melee: Dagger            |   107 |   103 |    70 ||   280
       Punch             |     1 |     1 |     2 ||     4
       Short sword       |       |    38 |       ||    38
       Touch             |       |    17 |    17 ||    34
Throw: Dart              |       |    42 |       ||    42
 Cast: Magic Dart        |       |    14 |       ||    14
       Searing Ray       |       |     3 |       ||     3
  Use: Potion            |       |     7 |       ||     7
       Scroll            |       |     4 |       ||     4
 Stab: Sleeping          |     6 |     2 |     2 ||    10
Armor: Robe              |    30 |    22 |       ||    52
       Scale mail        |       |    26 |    33 ||    59
Dodge: Dodged            |    69 |   103 |    33 ||   205

Table legend: (Time is in decaauts)
 A = Elapsed time spent in this place.
 B = Non-inter-level travel time spent in this place.
 C = Inter-level travel time spent in this place.
 D = Time resting spent in this place.
 E = Time spent auto-exploring this place.
 F = Levels seen in this place.
 G = Mean time per level.
                   A        B        C        D        E       F      G
               +--------+--------+--------+--------+--------+-----+--------+
         Total |   8589 |   8172 |    417 |   2744 |   4350 |   7 | 1227.0 |
       Dungeon |   8298 |   7943 |    355 |   2744 |   4147 |   6 | 1383.0 |
        Temple |    291 |    230 |     61 |      0 |    203 |   1 |  291.0 |
               +--------+--------+--------+--------+--------+-----+--------+

Top non-repeatable levels by time:
     D:2: 2808 daAuts
     D:3: 1532 daAuts
     D:4: 1483 daAuts
     D:5: 1439 daAuts
     D:1: 991 daAuts
  Temple: 291 daAuts
     D:6: 42 daAuts
